 Dungeon Crawl Stone Soup version 0.23.2-40-g277498a001 (webtiles) character file.

Game seed: 655313189028178488

2024957 KPOPmixtape the Slayer (level 25, 230/230 HPs)
             Began as a Human Air Elementalist on Sept 2, 2019.
             Was the Champion of Ru.
             Escaped with the Orb
             ... and 5 runes!
             The game lasted 05:00:23 (152189 turns).

KPOPmixtape the Slayer (Human Air Elementalist)   Turns: 152189, Time: 05:00:24

Health: 230/230    AC: 40    Str: 13    XL:     25
Magic:  46/46      EV: 12    Int: 36    God:    Ru [******]
Gold:   6027       SH: 34    Dex: 16    Spells: 11/54 levels left

rFire    + + .     SeeInvis +   a - +5 war axe "Hufist" {drain, rElec MR+ Str+4 Int+4}
rCold    . . .     Gourm    .   W - +8 large shield {reflect}
rNeg     + . .     Faith    .   V - +10 pearl dragon scales
rPois    +         Spirit   .   M - +1 helmet {Int+3}
rElec    +         Reflect  +   K - +1 cloak {MR+}
rCorr    .         Harm     .   O - +1 pair of gloves
MR       +++..                  T - +0 pair of boots
Stlth    ..........             I - amulet of the Salmon {Reflect rPois SH+2}
HPRegen  0.48/turn              e - ring "Plog" {rF+ EV+3 Int+4}
MPRegen  0.30/turn              D - ring "Jahoh" {rF+ MP+9 SInv}

@: hasted, very quick
A: fangs 1, thin metallic scales 1, low mp 1, inability to use devices,
inability to train dodging, no charms magic, no necromancy magic, no poison
magic, inexperienced 1
0: Orb of Zot
}: 5/15 runes: decaying, slimy, silver, abyssal, gossamer
a: Draw Out Power, Power Leap, Apocalypse, Renounce Religion


You escaped.
You worshipped Ru.
Ru was exalted by your worship.
You were not hungry.

You visited 12 branches of the dungeon, and saw 58 of its levels.
You visited the Abyss 2 times.
You visited 2 bazaars.
You also visited: Gauntlet.

You collected 8013 gold pieces.
You spent 1986 gold pieces at shops.

Inventory:

Hand Weapons
 a - the +5 war axe "Hufist" (weapon) {drain, rElec MR+ Str+4 Int+4}
   (You found it on level 3 of the Lair of Beasts)

   A truly terrible weapon, it drains the life of those it strikes.
   It affects your strength (+4).
   It affects your intelligence (+4).
   It insulates you from electricity.
   It affects your resistance to hostile enchantments.
Missiles
 j - 4 throwing nets (quivered)
Armour
 H - a scarf of cloud immunity
 K - a +1 cloak of magic resistance (worn)
 L - the +0 cloak of Eppepeet {-Tele +Fly MR++ Regen+}
   (You acquired it on level 4 of the Spider Nest)

   It affects your resistance to hostile enchantments.
   It lets you fly.
   It prevents most forms of teleportation.
   It increases your rate of regeneration.
 M - a +1 helmet of intelligence (worn)
 O - a +1 pair of gloves (worn)
 T - a +0 pair of boots (worn)
 V - +10 pearl dragon scales (worn)
 W - a +8 large shield of reflection (worn)
Magical Staves
 b - an uncursed staff of wizardry
Jewellery
 e - the ring "Plog" (left hand) {rF+ EV+3 Int+4}
   (You found it on level 5 of the Pits of Slime)

   [ring of evasion]

   It affects your evasion (+3).
   It affects your intelligence (+4).
   It protects you from fire.
 s - a +3 ring of intelligence
 v - a cursed -6 ring of evasion
 A - a cursed -5 ring of protection
 B - an uncursed ring of magical power
 D - the ring "Jahoh" (right hand) {rF+ MP+9 SInv}
   (You found it on level 5 of the Pits of Slime)

   [ring of see invisible]

   It protects you from fire.
   It affects your magic capacity (+9).
   It lets you see invisible.
 E - an uncursed ring of ice
 G - an uncursed amulet of regeneration
 I - the amulet of the Salmon (around neck) {Reflect rPois SH+2}
   (You found it on level 7 of the Dungeon)

   [amulet of reflection]

   It shields you and reflects attacks.
   It protects you from poison.
   It affects your SH (+2).
 N - an uncursed ring of protection from cold
 U - an uncursed ring of resist corrosion
Scrolls
 h - 6 scrolls of teleportation
 i - 34 scrolls of remove curse
 l - 8 scrolls of enchant weapon
 n - 12 scrolls of immolation
 o - 4 scrolls of fog
 r - 2 scrolls of blinking
 u - 3 scrolls of silence
 w - 25 scrolls of identify
 y - 8 scrolls of fear
 J - 4 scrolls of vulnerability
 Q - 13 scrolls of amnesia
 R - 2 scrolls of summoning
 S - 2 scrolls of magic mapping
Potions
 d - 2 potions of ambrosia
 f - 13 potions of heal wounds
 g - 12 potions of curing
 k - 2 potions of berserk rage
 m - 5 potions of agility
 p - 2 potions of magic
 q - 7 potions of invisibility
 t - 8 potions of brilliance
 x - 10 potions of flight
 z - 3 potions of resistance
 C - 2 potions of haste
 F - 13 potions of lignification
 P - 2 potions of mutation
 X - a potion of cancellation
 Y - 3 potions of might
Comestibles
 c - 14 rations


   Skills:
 + Level 26.3 Fighting
 * Level 13.5 Axes
 - Level 18.0 Armour
 - Level 2.0 Stealth
 - Level 25.0 Shields
 - Level 15.0 Spellcasting
 - Level 12.0 Conjurations
 - Level 6.0 Hexes
 - Level 14.3 Summonings
 - Level 14.0 Air Magic


You had 11 spell levels left.
You knew the following spells:

 Your Spells              Type           Power        Failure   Level  Hunger
a - Shock                 Conj/Air       ####         1%          1    None
b - Summon Mana Viper     Hex/Summ       #######.     1%          5    None
c - Blink                 Tloc           N/A          7%          2    None
d - Airstrike             Air            #######...   1%          4    None
e - Lightning Bolt        Conj/Air       #######...   1%          5    None
f - Silence               Hex/Air        #######...   1%          5    None
g - Shadow Creatures      Summ           N/A          1%          6    #......
h - Spellforged Servitor  Conj/Summ      #######...   17%         7    ####...
i - Static Discharge      Conj/Air       #######.     1%          3    None
j - Lee's Rapid Deconstr  Erth           ####......   77%         5    None

Your spell library contained the following spells:

 Spells                   Type           Power        Failure   Level  Hunger
 Summon Butterflies       Summ           #######.     0%          1    None
 Corona                   Hex            ######.      1%          1    None
 Magic Dart               Conj           ####         1%          1    None
 Call Imp                 Summ           #######.     1%          2    None
 Ensorcelled Hibernation  Hex/Ice        #####.       1%          2    None
 Searing Ray              Conj           ######       1%          2    None
 Slow                     Hex            ######..     1%          2    None
 Throw Frost              Conj/Ice       ######       1%          2    None
 Confuse                  Hex            ######..     1%          3    None
 Conjure Flame            Conj/Fire      ######..     1%          3    None
 Dazzling Spray           Conj/Hex       ######       1%          3    None
 Recall                   Summ/Tloc      N/A          1%          3    None
 Stone Arrow              Conj/Erth      ######       1%          3    None
 Summon Guardian Golem    Hex/Summ       #######.     1%          3    None
 Fulminant Prism          Conj/Hex       #######...   1%          4    None
 Iskenderun's Mystic Bla  Conj           #######.     1%          4    None
 Summon Lightning Spire   Summ/Air       #######.     1%          4    None
 Aura of Abjuration       Summ           #######...   1%          5    None
 Summon Demon             Summ           #######...   1%          5    None
 Summon Ice Beast         Ice/Summ       ######..     2%          4    None
 Inner Flame              Hex/Fire       #####...     3%          3    None
 Portal Projectile        Hex/Tloc       #####.       3%          3    None
 Cause Fear               Hex            ######....   3%          4    None
 Force Lance              Conj/Tloc      ######..     3%          4    None
 Throw Icicle             Conj/Ice       ######..     3%          4    None
 Conjure Ball Lightning   Conj/Air       #######...   3%          6    #......
 Beastly Appendage        Tmut           ####..       4%          1    None
 Freeze                   Ice            ####         4%          1    None
 Sandblast                Erth           ####..       4%          1    None
 Summon Forest            Summ/Tloc      ######....   6%          5    None
 Passwall                 Tmut/Erth      ####....     7%          2    None
 Sticks to Snakes         Tmut           ####....     7%          2    None
 Fireball                 Conj/Fire      ######....   11%         5    None
 Irradiate                Conj/Tmut      ######....   11%         5    None
 Summon Hydra             Summ           #######...   11%         7    ####...
 Leda's Liquefaction      Hex/Erth       #####.....   13%         4    None
 Freezing Cloud           Conj/Ice/Air   ######....   19%         6    #......
 Yara's Violent Unravell  Hex/Tmut       #####.....   34%         5    None
 Petrify                  Tmut/Erth      ####....     41%         4    None
 Bolt of Cold             Conj/Ice       ######....   50%         6    #......
 Bolt of Fire             Conj/Fire      ######....   50%         6    #......
 Darkness                 Hex            ######....   50%         6    #......
 Invisibility             Hex            ######..     50%         6    #......
 Hydra Form               Tmut           ####......   100%        6    #......
 Statue Form              Tmut/Erth      ####.....    100%        6    #......
 Dragon Form              Tmut           ####......   100%        7    ####...
 Ignition                 Fire           ####......   100%        8    ######.
 Tornado                  Air            #######...   100%        9    #######
 Sting                    Conj/Pois      Unusable     N/A         1    N/A
 Poisonous Vapours        Pois/Air       Unusable     N/A         2    N/A
 Swiftness                Chrm/Air       Unusable     N/A         2    N/A
 Mephitic Cloud           Conj/Pois/Air  Unusable     N/A         3    N/A
 Spectral Weapon          Hex/Chrm       Unusable     N/A         3    N/A
 Animate Skeleton         Necr           Unusable     N/A         1    N/A
 Infusion                 Chrm           Unusable     N/A         1    N/A
 Pain                     Necr           Unusable     N/A         1    N/A
 Corpse Rot               Necr           Unusable     N/A         2    N/A
 Shroud of Golubria       Chrm/Tloc      Unusable     N/A         2    N/A
 Song of Slaying          Chrm           Unusable     N/A         2    N/A
 Sublimation of Blood     Necr           Unusable     N/A         2    N/A
 Iskenderun's Battlesphe  Conj/Chrm      Unusable     N/A         5    N/A
 Venom Bolt               Conj/Pois      Unusable     N/A         5    N/A
 Ignite Poison            Fire/Tmut/Pois Unusable     N/A         3    N/A
 Ozocubu's Armour         Chrm/Ice       Unusable     N/A         3    N/A
 Regeneration             Chrm/Necr      Unusable     N/A         3    N/A
 Spider Form              Tmut/Pois      Unusable     N/A         3    N/A
 Vampiric Draining        Necr           Unusable     N/A         3    N/A
 Deflect Missiles         Chrm/Air       Unusable     N/A         6    N/A
 Animate Dead             Necr           Unusable     N/A         4    N/A
 Olgreb's Toxic Radiance  Pois           Unusable     N/A         4    N/A
 Alistair's Intoxication  Tmut/Pois      Unusable     N/A         5    N/A
 Borgnjor's Vile Clutch   Necr/Erth      Unusable     N/A         5    N/A
 Excruciating Wounds      Chrm/Necr      Unusable     N/A         5    N/A
 Death Channel            Necr           Unusable     N/A         6    N/A
 Simulacrum               Ice/Necr       Unusable     N/A         6    N/A
 Ring of Flames           Chrm/Fire      Unusable     N/A         7    N/A

Dungeon Overview and Level Annotations

Branches:
Dungeon (15/15)            Temple (1/1) D:6            Lair (6/6) D:10
  Swamp (4/4) Lair:4       Spider (4/4) Lair:4        Slime (5/5) Lair:5
    Orc (2/2) D:10            Elf (3/3) Orc:2        Vaults (5/5) D:14
  Crypt (3/3) Vaults:2       Tomb (0/3) Crypt:3      Depths (5/5) D:15
    Zot (5/5) Depths:5

Altars:
Ashenzari
Cheibriados
Dithmenos
Elyvilon
Fedhas
Gozag
Hepliaklqana
Kikubaaqudgha
Makhleb
Nemelex Xobeh
Okawaru
Qazlal
Ru
Sif Muna
Trog
Uskayaw
Vehumet
Wu Jian
Xom
Yredelemnul
Zin
The Shining One
Beogh
Lugonu

Shops:
D:11 (   D:15 (   Orc:1 [   Orc:2 ((!}   Vaults:1 !   Depths:1 [

Portals:
Hell: Depths:1 Depths:2 Depths:3 Depths:4 Depths:5
Abyss: Depths:3 Depths:4*
Pandemonium: Depths:2 Depths:3
Ziggurat: Depths:1

Annotations:
D:2 1 runed translucent door, Crazy Yiuf
D:4 2 transporters, NeAGen181's ghost, novice HOMo; Sigmund
D:9 exclusion: downstairs
Lair:2 exclusion: downstairs
Slime:3 exclusion: 2 downstairs
Elf:2 3 runed translucent doors
Zot:3 1 runed translucent door, Naycw's ghost, adept DDFi


Innate Abilities, Weirdness & Mutations

You cannot study or use magical devices.
You cannot train Dodging skill.
You cannot study or cast Charms magic.
You cannot study or cast Necromancy magic.
You cannot study or cast Poison magic.
You are somewhat inexperienced. (-2 XL)
You have very sharp teeth.
You are partially covered in thin metallic scales. (AC +2)
Your magical capacity is low. (-10% MP)


Message History

You block the sixfirhy's attack. x2
The sixfirhy hits you but does no damage.
The sixfirhy is stunned by your will and fails to attack.
The sixfirhy is stunned by your will and fails to attack.
You block the sixfirhy's attack.
You redirect the sixfirhy's attack!
The sixfirhy completely misses itself.
You hear a grinding noise.
You block the sixfirhy's attack.
You hear a grinding noise.
You block the sixfirhy's attack. The sixfirhy barely misses you.
You block the sixfirhy's attack.
There is an open door here.
You hear a grinding noise.
The sixfirhy is stunned by your will and fails to attack.
You redirect the sixfirhy's attack!
The sixfirhy barely misses itself.
You hear a grinding noise.
There is a staircase leading out of the dungeon here.
You have escaped!

#.# #....#
#####.####.##.#
####...[......##'#
.........#######.#
####..#### #.# #.#
#3# #.# #.# #.#
#.# ####.# #@#
.....# #.# ######
#.# #.# #.# #.#
#'# #.# #.#


You could see a sixfirhy.

Vanquished Creatures
  the Royal Jelly (Slime:5)
  An ancient lich (Crypt:2)
  An orb of fire (Zot:5)
  Sojobo (Depths:1)
  The ghost of Qemy the Rich, a master GnTm of Gozag (Vaults:2)
  3 Killer Klowns
  Frederick (Depths:1)
  Xtahua (Depths:5)
  A curse toe (Zot:3)
  7 golden dragons
  Nikola (Spider:4)
  A profane servitor (Zot:1)
  5 bone dragons
  Jory (Depths:3)
  Arachne (Spider:2)
  An electric golem (Zot:5)
  9 liches
  A shard shrike zombie (Crypt:3)
  8 tentacled monstrosities
  3 deep elf master archers (Elf:3)
  13 Orb Guardians
  2 deep elf blademasters (Elf:3)
  29 acid blobs
  2 titans (Vaults:5)
  9 ancient champions
  5 quicksilver dragons
  An Executioner (Depths:3)
  5 tentacled starspawn (Abyss:3)
  25 large abominations
  A sphinx (Depths:2)
  Kirke (D:15)
  A death cob (Zot:2)
  2 thorn hunters
  Roxanne (Swamp:4)
  14 storm dragons
  8 shadow dragons
  6 tengu reavers
  3 draconian monks
  5 revenants
  Donald (Swamp:2)
  12 azure jellies
  A daeva (Abyss:3)
  13 fire giants
  2 iron dragons
  15 frost giants
  An orc warlord (Vaults:4)
  4 deep elf sorcerers
  9 ghost moths
  A draconian scorcher (Zot:2)
  A balrug (Abyss:3)
  12 vault wardens
  3 draconian shifters
  Louise (Swamp:3)
  2 cacodemons (Abyss:3)
  2 draconian knights
  5 curse skulls (Crypt:1)
  5 emperor scorpions
  2 spriggan defenders (Depths:5)
  5 deep elf elementalists
  4 draconian annihilators
  A reaper (Crypt:3)
  25 very ugly things
  A juggernaut skeleton (Depths:2)
  A caustic shrike zombie (Crypt:3)
  12 ironheart preservers
  3 draconian stormcallers
  2 war gargoyles (Vaults:5)
  26 stone giants
  4 entropy weavers
  An entropy weaver (shapeshifter) (Vaults:4)
  14 vampire knights
  4 deep elf demonologists
  9 red draconians
  4 yellow draconians
  4 green draconians
  6 purple draconians
  12 deep elf annihilators
  6 black draconians
  14 small abominations
  6 spark wasps
  7 white draconians
  14 ettins
  14 death oozes (Slime:5)
  4 deep elf death magi
  A quicksilver dragon zombie (Crypt:2)
  3 eidola
  The ghost of jaiteiro the Blocker, a journeyman GrFi of Okawaru (Lair:5)
  A blizzard demon (Abyss:3)
  13 yaktaur captains
  5 jiangshi
  Josephine (Swamp:1)
  8 great orbs of eyes
  10 fire dragons
  11 ice dragons
  35 vault guards
  9 deep elf high priests
  An ice dragon (shapeshifter) (Vaults:5)
  21 hydras
  2 hell beasts
  Fannar (D:12)
  4 rakshasas
  2 shambling mangroves
  2 ghost crabs
  3 spriggan air magi
  A quicksilver dragon skeleton (Crypt:2)
  A juggernaut simulacrum (Depths:3)
  A catoblepas (Lair:6)
  6 death knights
  45 two-headed ogres
  6 centaur warriors
  16 dancing weapons
  7 alligators
  15 ogre magi
  A queen ant (Spider:2)
  14 death yaks
  10 deep troll earth magi
  7 vampire magi
  8 tengu warriors
  3 spriggan berserkers
  6 deep troll shamans
  3 orc high priests
  A shock serpent (shapeshifter) (D:14)
  8 thrashing horrors
  A sun demon (Depths:3)
  2 titan skeletons (Crypt:3)
  18 deep elf knights
  A soul eater (Crypt:1)
  A sixfirhy (Abyss:3)
  11 shadow wraiths
  2 iron trolls (Depths:4)
  7 wretched stars
  15 flayed ghosts
  2 fire crabs (shapeshifter) (Depths:1)
  2 golden dragon zombies (Depths:2)
  A spatial maelstrom (Abyss:3)
  3 iron giant zombies (Crypt:1)
  6 unseen horrors
  39 skeletal warriors
  A death drake (Abyss:3)
  2 storm dragon skeletons (Crypt:3)
  18 deep trolls
  5 lindwurms
  25 starcursed masses
  An anaconda skeleton (Crypt:3)
  16 deep elf archers
  3 glowing orange brains
  7 wizards
  15 phantasmal warriors
  A shadow demon (Abyss:3)
  A golden dragon skeleton (Crypt:3)
  10 swamp dragons
  2 spectral hydras (Swamp:4)
  26 orc knights
  A harpy (shapeshifter) (Vaults:1)
  11 ironbrand convokers
  10 harpies
  8 necromancers
  16 orb spiders
  55 deep elf magi
  3 orc sorcerers
  28 wolf spiders
  3 shining eyes
  53 ugly things
  5 oklob plants
  2 shadow dragon skeletons (Crypt:3)
  5 cyclopes
  A fire giant zombie (Crypt:3)
  A wolf spider (shapeshifter) (Vaults:3)
  A worldbinder (Abyss:3)
  A salamander (Depths:5)
  A stone giant zombie (Crypt:1)
  18 moths of wrath
  3 manticores
  2 sphinx skeletons
  A cyclops (shapeshifter) (Depths:2)
  10 elephants
  A frost giant zombie (Crypt:1)
  2 frost giant skeletons
  An iron dragon skeleton (Crypt:3)
  A stone giant skeleton (Crypt:3)
  3 centaur zombies
  A rust devil (Depths:2)
  6 smoke demons
  8 black mambas
  An apocalypse crab (Abyss:3)
  An elephant slug zombie (Crypt:1)
  17 vault sentinels
  4 eyes of devastation
  A torpor snail (Lair:6)
  15 spiny frogs
  A centaur skeleton (D:10)
  An iron troll zombie (Crypt:1)
  4 rime drakes (Lair:6)
  4 orange demons
  2 swamp worm zombies (Swamp:4)
  A hellion (D:14)
  A rime drake (shapeshifter) (Vaults:5)
  2 dire elephant skeletons (Abyss:3)
  A catoblepas skeleton (Crypt:3)
  An alligator snapping turtle skeleton (Crypt:1)
  2 kobold demonologists
  A golden dragon simulacrum (Crypt:2)
  A white draconian skeleton (Crypt:3)
  18 freezing wraiths
  37 yaktaurs
  6 demonic crawlers
  10 komodo dragons
  6 efreet
  2 green draconian skeletons
  4 hydra zombies
  An ice devil (Depths:3)
  2 red devils (Depths:3)
  An ancient zyme (Abyss:3)
  Prince Ribbit (D:4)
  9 polar bears (Lair:6)
  A wolf spider simulacrum (D:15)
  2 trolls (shapeshifter)
  25 jumping spiders
  14 trolls
  5 meliai
  2 tengu simulacra
  An ettin zombie (Crypt:3)
  21 hornets
  13 blink frogs
  133 slime creatures
  6 alligator zombies (Swamp:4)
  13 bog bodies
  A satyr zombie (Crypt:3)
  A hippogriff (shapeshifter) (D:15)
  A meliai zombie (D:12)
  6 raiju
  A slime creature (shapeshifter) (Vaults:5)
  A fire giant simulacrum (Depths:2)
  16 tyrant leeches
  2 spriggan zombies
  3 spectral swamp dragons (Swamp:4)
  4 dream sheep (Lair:6)
  14 hippogriffs
  3 air elementals
  An alligator skeleton (Crypt:3)
  78 redbacks
  A spriggan (shapeshifter) (Vaults:4)
  8 spriggans
  31 flying skulls
  9 shadows
  25 tarantellas
  A fire dragon skeleton (Crypt:1)
  A shock serpent simulacrum (Crypt:3)
  3 ettin skeletons
  A tarantella (shapeshifter) (Vaults:1)
  22 wraiths
  2 vampires
  An ice dragon skeleton (Crypt:3)
  13 water elementals
  9 ynoxinuls
  31 yaks
  A wyvern (D:10)
  7 hogs (D:15)
  20 humans (D:14)
  2 humans (shapeshifter)
  3 basilisks
  6 fire bats (Abyss:3)
  5 golden eyes
  3 fire elementals
  A hog (shapeshifter) (Vaults:3)
  A steam dragon (D:14)
  6 neqoxecs
  A human simulacrum (Vaults:1)
  33 vampire mosquitoes
  7 chaos spawn
  A spatial vortex (Abyss:3)
  3 elf skeletons
  13 wargs
  2 acid dragons
  A deep troll zombie (Crypt:2)
  26 insubstantial wisps
  24 swamp worms
  A hydra simulacrum (Crypt:2)
  20 soldier ants (Spider:2)
  7 water moccasins
  13 hell hounds (Lair:6)
  2 human skeletons
  2 tengu zombies
  A faun skeleton (Crypt:1)
  7 swamp drakes
  A hornet zombie (D:15)
  A floating eye (Depths:3)
  65 orc warriors
  9 porcupines
  4 sky beasts
  An ettin simulacrum (Crypt:2)
  2 eyes of draining
  12 black bears
  5 swamp dragon zombies (Swamp:4)
  An alligator simulacrum (Crypt:2)
  A black mamba simulacrum (Crypt:3)
  A blink frog zombie (Crypt:1)
  3 ice beasts
  8 phantoms
  6 boggarts
  16 wolves
  56 ogres
  5 centaurs
  A snapping turtle skeleton (Crypt:3)
  11 crocodiles
  A crocodile (shapeshifter) (Elf:2)
  A manticore skeleton (Crypt:3)
  A draconian zombie (Crypt:2)
  A komodo dragon zombie (Crypt:2)
  An earth elemental (Elf:1)
  24 bullfrogs
  A water moccasin zombie (D:7)
  A wyvern skeleton (D:13)
  11 scorpions
  10 killer bees
  An orc simulacrum (Vaults:1)
  3 electric eels
  7 wights
  A yak skeleton (Crypt:3)
  8 howler monkeys
  A troll skeleton (Crypt:3)
  4 crimson imps
  7 quasits
  6 hounds
  2 iron imps (Depths:3)
  21 orc priests
  22 jellies
  6 iguanas
  2 spectral swamp drakes (Swamp:4)
  25 orc wizards
  25 worker ants
  A demigod skeleton (Crypt:2)
  A hound zombie (D:10)
  2 hound skeletons
  3 worker ant zombies
  9 adders
  7 gnolls
  A swamp drake zombie (Swamp:4)
  3 shadow imps
  5 white imps
  2 ufetubi (Depths:3)
  3 oozes
  A worm zombie (Crypt:2)
  An adder skeleton (D:8)
  An adder zombie (D:6)
  4 worms
  6 dart slugs
  9 leopard geckos
  129 orcs
  2 ball pythons
  8 bats
  10 giant cockroaches
  6 hobgoblins
  5 quokkas
  A quokka (shapeshifter) (Elf:1)
  A ball python zombie (D:5)
  6 frilled lizards
  7 goblins
  14 kobolds
  A quokka zombie (D:5)
  7 rats
  A crawling corpse (Vaults:5)
  5 fungi
  A lurking horror (Abyss:3)
  14 plants
  5 starspawn tentacles
  A withered plant (D:15)
2864 creatures vanquished.

Vanquished Creatures (collateral kills)
  2 orbs of fire (Zot:5)
  4 ancient liches
  Bai Suzhen (Spider:3)
  2 curse toes
  3 Killer Klowns (Zot:5)
  5 golden dragons
  4 electric golems
  9 tentacled monstrosities
  7 Orb Guardians (Zot:5)
  2 quicksilver dragons
  An Executioner (D:6)
  10 death cobs
  4 titans
  3 storm dragons
  A draconian monk (Zot:2)
  A tengu reaver (Depths:2)
  4 shadow dragons
  A vault warden (Vaults:5)
  3 draconian knights
  A fire giant (Vaults:5)
  A frost giant (Vaults:5)
  A draconian stormcaller (Zot:3)
  2 draconian shifters
  A draconian annihilator (Zot:2)
  A stone giant (Depths:2)
  4 black draconians (Zot:2)
  4 vampire knights
  7 purple draconians
  3 white draconians
  7 red draconians
  4 yellow draconians
  2 ettins (Zot:2)
  A quicksilver dragon skeleton (Crypt:2)
  A rakshasa (Depths:2)
  A two-headed ogre (Zot:2)
  An iron troll (Zot:2)
  3 skeletal warriors (Crypt:3)
  A shadow demon (D:15)
  A deep troll (Zot:2)
  An ironbrand convoker (Vaults:4)
  3 moths of wrath
  A troll (Zot:2)
  A shadow (Depths:3)
  A water elemental (Depths:2)
  A flying skull (Abyss:3)
  A centaur (shapeshifter) (Depths:2)
  An orc (Vaults:5)
124 creatures vanquished.

Vanquished Creatures (others)
  2 Orb Guardians (Zot:5)
  A deep elf master archer (Elf:3)
  2 acid blobs
  A death cob (Zot:3)
  2 ancient champions
  A draconian monk (Zot:4)
  A ghost moth (Zot:1)
  A draconian scorcher (Zot:3)
  A spriggan defender (Depths:1)
  An ironheart preserver (Vaults:3)
  A draconian annihilator (Zot:1)
  7 stone giants
  4 very ugly things
  Nessos (Orc:2)
  2 red draconians (Zot:3)
  The ghost of voshxx the Peltast, a journeyman GrFi of Hepliaklqana (Swamp:1)
  A yellow draconian (Zot:5)
  An ettin (Depths:2)
  3 yaktaur captains
  A great orb of eyes (Vaults:5)
  An ice dragon (Depths:3)
  A quicksilver dragon skeleton (Crypt:3)
  A hydra (Lair:6)
  A centaur warrior (D:15)
  A dancing weapon (Elf:3)
  A two-headed ogre (shapeshifter) (Depths:3)
  An ogre mage (Vaults:1)
  An alligator (Swamp:2)
  3 thrashing horrors
  A deep elf knight (Elf:2)
  An iron troll (Zot:2)
  2 skeletal warriors
  A wretched star (Abyss:1)
  A flayed ghost (Vaults:3)
  2 deep trolls
  2 deep elf archers
  A shadow dragon skeleton (Crypt:3)
  2 orc knights
  2 wolf spiders
  5 deep elf magi
  2 ugly things
  A stone giant skeleton (Depths:2)
  4 moths of wrath (Zot:2)
  A cyclops (Vaults:1)
  An elephant (Lair:6)
  A spiny frog (Swamp:4)
  2 demonic crawlers (Spider:1)
  5 yaktaurs
  A jumping spider (Spider:1)
  A troll (D:13)
  A meliai (Abyss:4)
  A hornet (Spider:4)
  6 slime creatures
  An alligator zombie (Swamp:4)
  2 large abominations (Abyss:3)
  2 tarantellas
  4 redbacks
  A water elemental (Depths:1)
  A swamp worm (Swamp:1)
  2 chaos spawn (Abyss:3)
  A warg (Vaults:5)
  8 orc warriors
  3 boggarts
  An ogre (Vaults:3)
  A centaur (D:15)
  A wolf (Lair:6)
  6 killer bees (Abyss:4)
  A starcursed mass (Abyss:2)
  An iron imp (Abyss:1)
  A worker ant (Spider:2)
  A lava snake skeleton (Crypt:2)
  2 orcs
  3 briar patches (Swamp:2)
  13 demonic plants (Gauntlet)
  21 fungi
  A lurking horror (Abyss:3)
  33 plants
  33 starspawn tentacles
  8 withered plants (D:15)
245 creatures vanquished.

Grand Total: 3233 creatures vanquished

Notes
Turn   | Place    | Note
-------+----------+-------------------------------------------
     0 | D:1      | KPOPmixtape the Human Air Elementalist began the quest for
                  | the Orb.
     0 | D:1      | Reached XP level 1. HP: 13/13 MP: 3/3
   438 | D:1      | Reached XP level 2. HP: 18/19 MP: 1/5
   911 | D:1      | Reached XP level 3. HP: 23/24 MP: 2/6
  1963 | D:2      | Found a runed translucent door.
  1964 | D:2      | Noticed Crazy Yiuf
  2019 | D:2      | Found a snail-covered altar of Cheibriados.
  2024 | D:2      | Reached XP level 4. HP: 30/30 MP: 2/8
  2490 | D:1      | Reached XP level 5. HP: 35/35 MP: 4/9
  2585 | D:2      | Learned a level 4 spell: Airstrike
  3323 | D:3      | Learned a level 3 spell: Static Discharge
  3596 | D:3      | Reached XP level 6. HP: 41/41 MP: 9/11
  4485 | D:4      | Found a transporter.
  4487 | D:4      | Noticed NeAGen181's ghost (novice HOMo)
  4496 | D:4      | Noticed Sigmund
  4500 | D:4      | Found a transporter.
  4976 | D:5      | Entered Level 5 of the Dungeon
  4999 | D:5      | Noticed Prince Ribbit
  5421 | D:4      | Killed Prince Ribbit
  5421 | D:4      | Reached skill level 5 in Air Magic
  5421 | D:4      | Reached XP level 7. HP: 21/46 MP: 0/13
  6461 | D:6      | Found a staircase to the Ecumenical Temple.
  6478 | Temple   | Entered the Ecumenical Temple
  6554 | Temple   | Became a worshipper of Ru the Awakened
  6594 | D:5      | Reached XP level 8. HP: 53/53 MP: 7/14
  6735 | D:6      | Reached skill level 1 in Fighting
  7029 | D:6      | Reached skill level 2 in Fighting
  7658 | D:7      | Got a steaming iron amulet
  7677 | D:7      | Reached skill level 5 in Spellcasting
  7677 | D:7      | Reached skill level 5 in Conjurations
  7682 | D:7      | Identified the amulet of the Salmon {Reflect rPois SH+2}
                  | (You found it on level 7 of the Dungeon)
  7938 | D:7      | Reached skill level 3 in Fighting
  7938 | D:7      | Reached XP level 9. HP: 63/63 MP: 8/16
  8389 | D:7      | Gained mutation: You are somewhat inexperienced. (-2 XL)
                  | [Ru sacrifice]
  8389 | D:7      | Reached XP level 8. HP: 58/58 MP: 25/25
  8389 | D:7      | Reached XP level 7. HP: 52/52 MP: 24/24
  8389 | D:7      | Reached * piety under Ru
  8389 | D:7      | Reached ** piety under Ru
  9198 | D:8      | Noticed a hippogriff
  9203 | D:8      | Killed a hippogriff
  9203 | D:8      | Reached skill level 4 in Fighting
  9203 | D:8      | Reached XP level 8. HP: 59/60 MP: 4/16
  9635 | D:8      | Got a fine mace
  9636 | D:8      | Identified the +6 mace of Untruth {elec, Dex+4} (You found
                  | it on level 8 of the Dungeon)
  9733 | D:8      | Reached XP level 9. HP: 64/66 MP: 18/18
  9905 | D:8      | Noticed a hippogriff
  9909 | D:8      | Killed a hippogriff
  9909 | D:8      | Reached skill level 5 in Fighting
 10634 | D:9      | Noticed a hippogriff
 10639 | D:9      | Killed a hippogriff
 10840 | D:9      | Reached XP level 10. HP: 75/76 MP: 20/20
 11091 | D:9      | Reached skill level 6 in Fighting
 11207 | D:9      | Learned a level 5 spell: Lightning Bolt
 11330 | D:9      | Gained mutation: You cannot study or use magical devices.
                  | [Ru sacrifice]
 11330 | D:9      | Reached *** piety under Ru
 11330 | D:9      | Reached **** piety under Ru
 11649 | D:9      | Found a shadowy altar of Dithmenos.
 11911 | D:9      | Found a deep blue altar of Sif Muna.
 11913 | D:9      | Found an opulent altar of Gozag.
 11915 | D:9      | Found a glowing golden altar of the Shining One.
 11915 | D:9      | Found a shattered altar of Ashenzari.
 11915 | D:9      | Found a white marble altar of Elyvilon.
 11915 | D:9      | Found a radiant altar of Vehumet.
 12279 | D:10     | Entered Level 10 of the Dungeon
 13077 | D:10     | Killed an unseen horror
 13373 | D:10     | Found a staircase to the Orcish Mines.
 13424 | D:10     | Found a roughly hewn altar of Beogh.
 13435 | D:10     | Reached skill level 7 in Fighting
 13634 | D:10     | Reached XP level 11. HP: 51/84 MP: 8/23
 13868 | D:10     | Found a staircase to the Lair.
 14406 | D:11     | Reached skill level 1 in Shields
 14577 | D:11     | Killed an unseen horror
 14767 | D:11     | Noticed a cyclops
 14777 | D:11     | Gained mutation: You cannot train Dodging skill. [Ru
                  | sacrifice]
 14777 | D:11     | Reached ***** piety under Ru
 14799 | D:11     | Found Iphohio's Antique Weapon Emporium.
 15072 | D:11     | Noticed a red ugly thing
 15094 | D:11     | Killed a red ugly thing
 15341 | D:11     | Noticed a manticore
 15345 | D:11     | Killed a manticore
 15384 | D:11     | Reached skill level 10 in Air Magic
 15636 | D:11     | Killed a cyclops
 16020 | D:12     | Noticed a two-headed ogre
 16026 | D:12     | Killed a two-headed ogre
 16026 | D:12     | Reached skill level 8 in Fighting
 16197 | D:12     | Noticed a deep elf mage
 16203 | D:12     | Killed a deep elf mage
 16203 | D:12     | Reached XP level 12. HP: 93/93 MP: 15/24
 16248 | D:12     | Noticed an unseen horror
 16250 | D:12     | Killed an unseen horror
 16457 | D:12     | Noticed Fannar
 16550 | D:12     | Killed Fannar
 16801 | D:12     | Reached skill level 9 in Fighting
 17001 | D:12     | Reached skill level 10 in Conjurations
 17348 | D:13     | Noticed a two-headed ogre
 17350 | D:13     | Killed a two-headed ogre
 17485 | D:13     | Reached skill level 10 in Spellcasting
 17745 | D:13     | Noticed a four-headed hydra
 17760 | D:13     | Killed a four-headed hydra
 17760 | D:13     | Reached skill level 10 in Fighting
 18351 | D:13     | Noticed a tengu warrior
 18352 | D:13     | Noticed a tengu warrior
 18368 | D:12     | Killed a tengu warrior
 18368 | D:12     | Reached XP level 13. HP: 97/105 MP: 21/27
 18408 | D:12     | Reached skill level 11 in Fighting
 19143 | D:14     | Got an encrusted leather armour
 19157 | D:14     | Identified the +3 leather armour of Listlessness {Dex+3}
                  | (You found it on level 14 of the Dungeon)
 19191 | D:14     | Found a snail-covered altar of Cheibriados.
 19379 | D:14     | Reached skill level 12 in Fighting
 19583 | D:14     | HP: 5/108 [something (13)]
 19792 | Lair:1   | Entered Level 1 of the Lair of Beasts
 20185 | Lair:1   | Found a gate leading to a gauntlet.
 20191 | Gauntlet | Entered a Gauntlet
 20191 | Gauntlet | Found a transporter.
 20191 | Gauntlet | Found a transporter.
 20191 | Gauntlet | Found a transporter.
 20254 | Gauntlet | Found a transporter.
 20255 | Gauntlet | Found a transporter.
 20264 | Gauntlet | Noticed a balrug
 20267 | Gauntlet | Found a transporter.
 20331 | Gauntlet | Found a transporter.
 20341 | Gauntlet | Found a transporter.
 20356 | Gauntlet | Found a transporter.
 20366 | Gauntlet | Found a transporter.
 20381 | Gauntlet | Found a transporter.
 20387 | Gauntlet | Found a transporter.
 21137 | Lair:1   | Reached skill level 13 in Fighting
 21624 | Lair:1   | Learned a level 5 spell: Summon Mana Viper
 22833 | Lair:3   | Noticed an eight-headed hydra
 23129 | Lair:3   | Got a crude war axe
 23130 | Lair:3   | Identified the +5 war axe "Hufist" {drain, rElec MR+ Str+4
                  | Int+4} (You found it on level 3 of the Lair of Beasts)
 23143 | Lair:3   | Killed an eight-headed hydra
 23143 | Lair:3   | Reached skill level 5 in Shields
 24289 | Lair:3   | Reached XP level 14. HP: 118/118 MP: 16/28
 24978 | Lair:4   | Found a hole to the Spider Nest.
 25875 | Lair:4   | Found the +6 shillelagh "Devastator" {shatter}
 25952 | Lair:4   | Found a staircase to the Swamp.
 26247 | Lair:5   | Found a staircase to the Slime Pits.
 26265 | Lair:5   | Gained mutation: You cannot study or cast Poison magic. [Ru
                  | sacrifice]
 26265 | Lair:5   | Gained mutation: You cannot study or cast Necromancy magic.
                  | [Ru sacrifice]
 26265 | Lair:5   | Gained mutation: You cannot study or cast Charms magic. [Ru
                  | sacrifice]
 26265 | Lair:5   | Reached ****** piety under Ru
 27689 | Lair:6   | Entered Level 6 of the Lair of Beasts
 28372 | Lair:6   | Reached skill level 14 in Fighting
 29430 | Lair:5   | Reached XP level 15. HP: 119/126 MP: 7/30
 29654 | Lair:6   | Got a warped ring mail
 29655 | Lair:6   | Identified the +1 ring mail "Tush" {rCorr Str+4} (You found
                  | it on level 6 of the Lair of Beasts)
 30260 | Lair:6   | Noticed jaiteiro's ghost (journeyman GrFi)
 30562 | Lair:6   | Found a runed translucent gate.
 30562 | Lair:6   | Found a runed translucent gate.
 30562 | Lair:6   | Found a runed translucent gate.
 33328 | D:14     | Reached skill level 10 in Shields
 33835 | D:14     | Reached skill level 1 in Armour
 34814 | D:14     | Found a burning altar of Makhleb.
 35204 | D:14     | Found a gate to the Vaults.
 35280 | D:15     | Entered Level 15 of the Dungeon
 35441 | D:15     | Reached XP level 16. HP: 121/134 MP: 21/32
 36004 | D:15     | Found Gastraw's Antique Weapon Shoppe.
 36027 | D:15     | Noticed Kirke
 36045 | D:15     | Noticed a sphinx
 37502 | D:15     | Killed Kirke
 37502 | D:15     | Reached skill level 15 in Fighting
 38305 | D:15     | Found a staircase to the Depths.
 39424 | Swamp:1  | Entered Level 1 of the Swamp
 40644 | Swamp:1  | Noticed Josephine
 40651 | Swamp:1  | Killed Josephine
 41003 | Swamp:1  | Found a transporter.
 41009 | Swamp:1  | Noticed voshxx's ghost (journeyman GrFi)
 41027 | Swamp:1  | Found a transporter.
 41408 | Swamp:1  | Reached skill level 5 in Armour
 41487 | Swamp:1  | Got a slimy hat
 41511 | Swamp:1  | Identified the cursed +0 hat of the Devil's Advocate
                  | {+Blink rCorr Str+3} (You found it on level 1 of the Swamp)
 41972 | Swamp:1  | Killed voshxx's ghost
 42137 | Swamp:2  | Reached XP level 17. HP: 130/142 MP: 7/33
 43297 | Swamp:2  | Found a basalt altar of Yredelemnul.
 43525 | Swamp:2  | Noticed Donald
 43530 | Swamp:2  | Killed Donald
 44422 | Swamp:2  | Noticed a thorn hunter
 44437 | Swamp:2  | Killed a thorn hunter
 47209 | Swamp:4  | Entered Level 4 of the Swamp
 47209 | Swamp:4  | Noticed Louise
 47499 | Orc:1    | Entered Level 1 of the Orcish Mines
 48130 | Orc:1    | Found Viemytio's Armour Shop.
 48137 | Orc:1    | Found a roughly hewn altar of Beogh.
 48204 | Orc:1    | Bought a +0 pair of boots for 72 gold pieces
 48214 | Orc:2    | Entered Level 2 of the Orcish Mines
 48279 | Orc:2    | Noticed Nessos
 48286 | Orc:2    | Killed Nessos
 48364 | Orc:2    | Found a staircase to the Elven Halls.
 49310 | Orc:2    | Found Ufashr Enihe's Distillery.
 49310 | Orc:2    | Found Riwuwa's Gadget Shop.
 49394 | Orc:2    | Reached XP level 18. HP: 151/151 MP: 35/35
 49462 | Orc:2    | Found Osodaus's Weapon Emporium.
 49462 | Orc:2    | Found Irhoekod's Antique Weapon Shop.
 49519 | Orc:2    | Found a roughly hewn altar of Beogh.
 49742 | Spider:1 | Entered Level 1 of the Spider Nest
 50255 | Spider:1 | Reached skill level 16 in Fighting
 51952 | Spider:1 | Got a crude spear
 51953 | Spider:1 | Identified the +9 spear of Hiniubodgh {pierce, Dex+4} (You
                  | found it on level 1 of the Spider Nest)
 53099 | Spider:2 | Noticed Arachne
 53123 | Spider:2 | Killed Arachne
 53170 | Spider:2 | Reached skill level 15 in Shields
 53170 | Spider:2 | Reached XP level 19. HP: 102/159 MP: 4/36
 55957 | Spider:4 | Entered Level 4 of the Spider Nest
 56112 | Spider:4 | Noticed Bai Suzhen
 56129 | Spider:3 | Killed Bai Suzhen
 56565 | Spider:4 | Reached XP level 20. HP: 138/167 MP: 32/38
 57051 | Spider:4 | Reached skill level 17 in Fighting
 57345 | Spider:4 | Noticed Nikola
 57361 | Spider:4 | Killed Nikola
 57444 | Spider:4 | Identified a scroll of acquirement
 58728 | Spider:4 | Reached skill level 10 in Armour
 58970 | Spider:4 | Got a scorched cloak
 58971 | Spider:4 | Identified the +0 cloak of Eppepeet {-Tele +Fly MR++
                  | Regen+} (You acquired it on level 4 of the Spider Nest)
 59693 | Spider:4 | Got a gossamer rune of Zot
 60048 | Elf:1    | Entered Level 1 of the Elven Halls
 60200 | Elf:1    | Found a flickering gateway to a bazaar.
 60205 | Bazaar   | Entered a bazaar
 60205 | Bazaar   | Found Zeolianyi's Armour Shop.
 60205 | Bazaar   | Found Lafea's Weapon Emporium.
 60205 | Bazaar   | Found Tiesk's Antique Weapon Shop.
 60205 | Bazaar   | Found Vimoavuxu's Gadget Shoppe.
 60310 | Bazaar   | Found Aseraimy's Antique Armour Shoppe.
 60354 | Bazaar   | Bought a +1 pair of gloves for 138 gold pieces
 62383 | Elf:2    | Found a runed translucent gate.
 62388 | Elf:2    | Found a runed translucent gate.
 62389 | Elf:2    | Found a runed translucent gate.
 62676 | Elf:2    | Reached skill level 15 in Spellcasting
 63381 | Elf:2    | Reached XP level 21. HP: 176/176 MP: 18/40
 63623 | Elf:2    | Found an ancient bone altar of Kikubaaqudgha.
 64263 | Elf:2    | Found a radiant altar of Vehumet.
 64382 | Elf:3    | Entered Level 3 of the Elven Halls
 64701 | Elf:3    | Noticed a Brimstone Fiend
 65639 | Elf:3    | Identified the +7 hand axe of the End of Times {vamp, rF+
                  | Str-5 SInv}
 65734 | Elf:3    | Reached skill level 18 in Fighting
 66086 | Elf:3    | Identified the +6 chain mail of Liberalism {+Inv Int+3}
 66241 | Elf:3    | Identified the +8 hand axe of a ziggurat {chop, rF+}
 66257 | Elf:3    | Identified the +5 great sword of the Spider {vamp, +Rage
                  | rPois rF+}
 67060 | Elf:3    | Identified Further Progress in Witchcraft
 67068 | Elf:3    | Identified the Guide on Shifting Summoning
 67075 | Elf:3    | Found the +2 ratskin cloak {+Rats rPois rN+ Str-1 Int-1
                  | Dex+1}
 67086 | Elf:3    | Identified Odaplet's Catalogue of the Compass and the
                  | Escort
 67090 | Elf:3    | Identified Afuregig's Compendium of Attacks and
                  | Self-Knowledge
 67471 | Depths:1 | Entered Level 1 of the Depths
 67613 | Vaults:1 | Entered Level 1 of the Vaults
 68322 | Vaults:1 | Reached XP level 22. HP: 164/185 MP: 8/41
 68711 | Vaults:1 | Found Cefragg's Distillery.
 68790 | Vaults:1 | Bought a potion of magic for 104 gold pieces
 68790 | Vaults:1 | Bought a potion of magic for 104 gold pieces
 73336 | Vaults:2 | Found a staircase to the Crypt.
 73487 | Vaults:2 | Reached skill level 19 in Fighting
 74770 | Vaults:3 | Reached XP level 23. HP: 101/194 MP: 18/42
 79627 | Vaults:3 | Reached XP level 24. HP: 197/203 MP: 7/42
 81066 | Vaults:5 | Entered Level 5 of the Vaults
 81067 | Vaults:5 | Noticed a golden dragon
 82016 | Swamp:4  | Reached skill level 20 in Fighting
 82539 | Swamp:3  | Killed Louise
 82958 | Swamp:4  | Identified Roxanne's Tome of Shape Shifting
 82958 | Swamp:4  | Noticed Roxanne
 83271 | Swamp:4  | Killed Roxanne
 85501 | Swamp:4  | Got a decaying rune of Zot
 87078 | Depths:1 | Found a shattered altar of Ashenzari.
 87551 | Depths:1 | Found a gateway to Hell.
 87624 | Depths:1 | Noticed Frederick
 87693 | Depths:1 | Killed Frederick
 87989 | Depths:1 | Found Rerhoomige's Antique Armour Shoppe.
 88202 | Depths:1 | Learned a level 5 spell: Silence
 88378 | Depths:1 | Noticed Sojobo
 88446 | Depths:1 | Killed Sojobo
 88446 | Depths:1 | Reached skill level 1 in Hexes
 88646 | Depths:1 | Reached skill level 1 in Summonings
 89080 | Depths:1 | Bought a runed large shield for 172 gold pieces
 89185 | Depths:1 | Found a gateway to a ziggurat.
 89269 | Depths:2 | Found a one-way gate leading to the halls of Pandemonium.
 89576 | Depths:1 | Reached XP level 25. HP: 134/205 MP: 32/42
 91194 | Depths:2 | Identified the +6 rapier of Freehold {pierce, rC+ Str+2}
 91565 | Depths:2 | You fall through a shaft!
 93864 | Depths:3 | Found a one-way gate to the infinite horrors of the Abyss.
 96207 | Depths:4 | Found a corrupted altar of Lugonu.
 96219 | Depths:4 | Reached skill level 5 in Hexes
 96219 | Depths:4 | Reached skill level 5 in Summonings
 97687 | Depths:5 | Entered Level 5 of the Depths
 97721 | Depths:5 | Found a flickering gateway to a bazaar.
 97733 | Bazaar   | Entered a bazaar
 97747 | Bazaar   | Found Ewasist's Jewellery Shoppe.
 97762 | Bazaar   | Found Oneim's Gadget Emporium.
 97777 | Bazaar   | Found Garuqan's Magic Scroll Shoppe.
 97777 | Bazaar   | Found Yvynusoe's Armour Emporium.
 97787 | Bazaar   | Bought a scroll of blinking for 82 gold pieces
 97787 | Bazaar   | Bought a scroll of blinking for 82 gold pieces
 97787 | Bazaar   | Bought a scroll of enchant armour for 82 gold pieces
 97845 | Bazaar   | Bought a +6 ring of slaying for 1150 gold pieces
 97963 | Depths:5 | Cast into level 3 of the Abyss (spriggan defender)
 97966 | Abyss:3  | Identified the Volume of Aid
 97974 | Abyss:3  | Identified the Incunabulum of Flames
 97977 | Abyss:3  | Identified the Incunabulum of the Oath
 97980 | Abyss:3  | Identified the Incunabulum of Enchantment
 97981 | Abyss:3  | Gained mutation: Potions are less effective at restoring
                  | your health. [a cacodemon]
 97991 | Abyss:3  | Identified the Tome of Enhancements
 97995 | Abyss:3  | Identified Basmuirph's Volume of Augmentations
 98012 | Abyss:3  | Identified the Collected Works on Poison
 98025 | Depths:5 | Escaped the Abyss
 98374 | Depths:5 | Lost mutation: Potions are less effective at restoring your
                  | health. [potion of mutation]
 98374 | Depths:5 | Gained mutation: You are agile. (Dex +2) [potion of
                  | mutation]
 98374 | Depths:5 | Gained mutation: Your muscles are strong. (Str +2) [potion
                  | of mutation]
 98476 | Depths:5 | Found a gate to the Realm of Zot.
 98743 | Depths:5 | Noticed Xtahua
 98752 | Depths:5 | Killed Xtahua
 99631 | Depths:5 | Reached skill level 21 in Fighting
100187 | Depths:5 | Found a runed translucent door.
101865 | Vaults:5 | Noticed an ancient lich
101898 | Vaults:4 | Killed an ancient lich
103336 | Vaults:5 | Reached skill level 15 in Armour
103448 | Vaults:5 | Learned a level 6 spell: Shadow Creatures
104298 | Vaults:5 | Identified the cursed +1 scale mail "Xiasexuu" {rN+}
104301 | Vaults:5 | Identified the cursed +1 long sword of Ucsipnid {freeze,
                  | rElec Str+4}
104806 | Vaults:5 | Identified the +4 battleaxe of Ragnarok {freeze, rPois MR+
                  | Dex+2}
104806 | Vaults:5 | Identified the cursed ring "Pujiyrea" {MR+++ AC-5 Str-3
                  | Int-2 Stlth+}
105103 | Vaults:5 | Identified the ring of Xom's Scorn {SInv Stlth+}
106145 | Vaults:5 | Got a silver rune of Zot
106385 | Vaults:5 | Identified the Compendium of Unholy Transmutation
107430 | Depths:3 | Noticed Jory
107664 | Depths:3 | Killed Jory
108231 | Depths:3 | Identified the amulet of Lyma {Reflect Dex+4 SH+4}
108905 | Crypt:1  | Entered Level 1 of the Crypt
111616 | Crypt:1  | Found a runed translucent gate.
111616 | Crypt:1  | Found a runed translucent gate.
111616 | Crypt:1  | Found a runed translucent gate.
111636 | Crypt:1  | Noticed Qemy's ghost (master GnTm)
112279 | Crypt:1  | Reached skill level 22 in Fighting
112891 | Crypt:1  | Got a pair of faintly glowing gloves
112904 | Crypt:1  | Identified the +1 pair of gloves of Thoughtfulness {MP-9
                  | Str+6 Dex+4} (You found it on level 1 of the Crypt)
113013 | Vaults:2 | Killed Qemy's ghost
115724 | Crypt:3  | Entered Level 3 of the Crypt
118776 | Crypt:3  | Identified the +8 mace "Moela" {freeze, rC- Int+5}
119774 | Crypt:3  | Found a staircase to the Tomb.
121412 | Crypt:3  | Noticed an ancient lich
121596 | Crypt:2  | Killed an ancient lich
121804 | Crypt:3  | Found an ancient bone altar of Kikubaaqudgha.
123457 | Lair:5   | Killed jaiteiro's ghost
123555 | Slime:1  | Entered Level 1 of the Pits of Slime
124580 | Slime:2  | Lost mutation: You are agile. (Dex +2) [a shining eye]
125583 | Slime:3  | Gained mutation: Your body sometimes deteriorates upon
                  | taking damage. [a shining eye]
125840 | Slime:2  | Reached skill level 23 in Fighting
126925 | Slime:5  | Entered Level 5 of the Pits of Slime
127604 | Slime:4  | Learned a level 7 spell: Spellforged Servitor
127609 | Slime:5  | Noticed the Royal Jelly
128845 | Slime:5  | Killed the Royal Jelly
129034 | Slime:5  | Found the +27 Lear's hauberk
129052 | Slime:5  | Got a scintillating marble ring
129080 | Slime:5  | Got a slimy rune of Zot
129099 | Slime:5  | Got a transparent tin ring
129100 | Slime:5  | Identified the ring "Jahoh" {rF+ MP+9 SInv} (You found it
                  | on level 5 of the Pits of Slime)
129101 | Slime:5  | Identified the ring "Plog" {rF+ EV+3 Int+4} (You found it
                  | on level 5 of the Pits of Slime)
129355 | Slime:5  | Identified A Primer on Spellcraft
129378 | Slime:5  | Got an ivory hand axe
129389 | Slime:5  | Got a polished hand axe
129390 | Slime:5  | Identified the +5 hand axe of Qaaream {freeze, Str+3} (You
                  | found it on level 5 of the Pits of Slime)
129391 | Slime:5  | Identified the +11 hand axe of Royalism {antimagic, rC+
                  | rN++ Int-2 SInv} (You found it on level 5 of the Pits of
                  | Slime)
129950 | Depths:3 | Voluntarily entered the Abyss.
130231 | Abyss:2  | Found a shattered altar of Ashenzari.
130688 | Abyss:3  | Gained mutation: Your spells are a little easier to cast,
                  | but a little less powerful. [a neqoxec]
130889 | Abyss:3  | Found a corrupted altar of Lugonu.
131324 | Abyss:3  | Found a corrupted altar of Lugonu.
131709 | Abyss:3  | Reached skill level 10 in Summonings
132393 | Abyss:3  | Reached skill level 24 in Fighting
132650 | Abyss:3  | Noticed an ancient lich
132973 | Abyss:4  | Got an abyssal rune of Zot
133111 | Depths:3 | Escaped the Abyss
133689 | Zot:1    | Entered Level 1 of the Realm of Zot
134162 | Zot:1    | Learned a level 2 spell: Blink
137785 | Zot:2    | Reached skill level 1 in Axes
140004 | Zot:3    | Reached skill level 25 in Fighting
141238 | Zot:3    | Reached skill level 5 in Axes
141450 | Zot:3    | Noticed a curse toe
141877 | Zot:3    | Killed a curse toe
142115 | Zot:3    | Noticed a curse toe
142815 | Zot:3    | Found a runed translucent door.
142816 | Zot:3    | Noticed Naycw's ghost (adept DDFi)
143323 | Zot:3    | Killed a curse toe
144179 | Zot:4    | Noticed a curse toe
144716 | Zot:4    | Killed a curse toe
146622 | Zot:5    | Entered Level 5 of the Realm of Zot
147759 | Zot:5    | Noticed a Killer Klown
147761 | Zot:5    | Noticed a Killer Klown
147763 | Zot:5    | Killed a Killer Klown
147763 | Zot:5    | Reached skill level 10 in Axes
147943 | Zot:4    | Killed a Killer Klown
148017 | Zot:5    | Learned a level 5 spell: Lee's Rapid Deconstruction
148392 | Zot:5    | Noticed an ancient lich
148397 | Zot:5    | Noticed a Killer Klown
148404 | Zot:5    | Killed a Killer Klown
148667 | Zot:5    | Killed an ancient lich
149096 | Zot:5    | Noticed a Killer Klown
149111 | Zot:5    | Killed a Killer Klown
149356 | Zot:5    | Reached skill level 26 in Fighting
149660 | Zot:5    | Noticed a Killer Klown
149672 | Zot:5    | Killed a Killer Klown
150189 | Zot:5    | Noticed an ancient lich
150193 | Zot:5    | Noticed a Killer Klown
150200 | Zot:5    | Noticed an orb of fire
150201 | Zot:5    | Killed an ancient lich
150216 | Zot:5    | Killed a Killer Klown
150386 | Zot:5    | Killed an orb of fire
150434 | Zot:5    | Noticed an orb of fire
150435 | Zot:5    | Gained mutation: You are frail. (-10% HP) [an orb of fire]
150444 | Zot:5    | Noticed an orb of fire
150449 | Zot:5    | Killed an orb of fire
150451 | Zot:5    | Gained mutation: Your magical capacity is low. (-10% MP)
                  | [an orb of fire]
150459 | Zot:5    | Killed an orb of fire
150588 | Zot:5    | Lost mutation: Your body sometimes deteriorates upon taking
                  | damage. [potion of mutation]
150588 | Zot:5    | Lost mutation: Your muscles are strong. (Str +2) [potion of
                  | mutation]
150588 | Zot:5    | Lost mutation: Your spells are a little easier to cast, but
                  | a little less powerful. [potion of mutation]
150588 | Zot:5    | Gained mutation: Your mind is acute. (Int +2) [potion of
                  | mutation]
150588 | Zot:5    | Gained mutation: Your muscles are strong. (Str +2) [potion
                  | of mutation]
150588 | Zot:5    | Gained mutation: You are partially covered in thin metallic
                  | scales. (AC +2) [potion of mutation]
150589 | Zot:5    | Lost mutation: You are frail. (-10% HP) [potion of
                  | mutation]
150589 | Zot:5    | Lost mutation: Your muscles are strong. (Str +2) [potion of
                  | mutation]
150589 | Zot:5    | Lost mutation: Your mind is acute. (Int +2) [potion of
                  | mutation]
150589 | Zot:5    | Gained mutation: You have very sharp teeth. [potion of
                  | mutation]
150778 | Zot:5    | Noticed an ancient lich
150786 | Zot:5    | Killed an ancient lich
151429 | Zot:5    | Got the Orb of Zot
151987 | D:7      | Noticed Miosafog the pandemonium lord
152189 | D:$      | Escaped with the Orb!

Skill      XL: |  1  2  3  4  5  6  7  8  9 10 11 12 13 14 15 16 17 18 19 20 21 22 23 24 25 |
---------------+----------------------------------------------------------------------------+-----
Conjurations   | 2 3 6 5 7 8 9 10 11 12 | 12.0
Spellcasting   | 3 4 6 7 8 10 11 12 13 14 15 | 15.0
Air Magic      | 4 5 6 8 9 10 11 12 13 14 | 14.0
Fighting       | 4 3 5 7 8 10 13 14 15 16 17 18 19 20 26 | 26.3
Shields        | 4 5 8 10 12 13 15 16 18 19 21 25 | 25.0
Dodging        | 0 |  0.0
Armour         | 2 5 7 8 9 11 12 13 18 | 18.0
Hexes          | 2 6 |  6.0
Summonings     | 2 14 | 14.3
Axes           | 13 | 13.5
Stealth        | |  2.0

Action                   |  1- 3 |  4- 6 |  7- 9 | 10-12 | 13-15 | 16-18 | 19-21 | 22-24 | 25-27 || total
-------------------------+-------+-------+-------+-------+-------+-------+-------+-------+-------++-------
Melee: Unarmed           |     6 |       |       |       |       |       |       |       |       ||     6
       Short sword       |     4 |    25 |       |       |       |       |       |       |       ||    29
       Dagger            |       |       |    29 |    28 |       |       |       |       |       ||    57
       Trident           |       |       |    16 |       |       |       |       |       |       ||    16
       War axe           |       |       |       |       |    84 |   524 |   566 |   989 |  2372 ||  4535
       Bite              |       |       |       |       |       |       |       |       |     8 ||     8
Throw: Throwing net      |       |       |       |       |       |       |       |       |     1 ||     1
 Cast: Shock             |    79 |   153 |   225 |   286 |   282 |     4 |       |       |     8 ||  1037
       Airstrike         |       |     4 |    53 |   130 |   471 |   557 |   462 |   476 |  1631 ||  3784
       Lightning Bolt    |       |       |       |    42 |   116 |   191 |   161 |   444 |  1029 ||  1983
       Static Discharge  |       |       |       |       |     4 |    10 |    21 |     5 |     1 ||    41
       Shadow Creatures  |       |       |       |       |       |       |       |       |   198 ||   198
       Summon Mana Viper |       |       |       |       |       |       |       |       |    51 ||    51
       Blink             |       |       |       |       |       |       |       |       |    20 ||    20
       Lee's Rapid Decon |       |       |       |       |       |       |       |       |     7 ||     7
       Silence           |       |       |       |       |       |       |       |       |     1 ||     1
Invok: Sacrifice Experie |       |       |     1 |       |       |       |       |       |       ||     1
       Sacrifice Artific |       |       |       |     1 |       |       |       |       |       ||     1
       Sacrifice Nimblen |       |       |       |     1 |       |       |       |       |       ||     1
       Apocalypse        |       |       |       |     2 |     6 |     3 |     2 |     4 |    14 ||    31
       Power Leap        |       |       |       |     1 |       |     1 |       |       |       ||     2
       Draw Out Power    |       |       |       |     1 |       |     1 |     1 |     1 |    11 ||    15
       Reject Sacrifices |       |       |       |     1 |       |       |       |       |       ||     1
       Sacrifice Arcana  |       |       |       |       |     1 |       |       |       |       ||     1
  Use: Scroll            |       |       |     2 |    15 |    21 |    17 |    16 |     5 |    45 ||   121
       Potion            |       |       |       |     1 |       |     2 |     3 |     1 |    38 ||    45
 Stab: Paralysed         |       |       |       |       |     5 |    10 |     6 |    25 |    60 ||   106
       Invisible         |       |       |       |       |     1 |     4 |     4 |     6 |    31 ||    46
       Distracted        |       |       |       |       |       |     2 |     5 |     4 |    25 ||    36
       Confused          |       |       |       |       |       |       |       |     1 |       ||     1
       Petrified         |       |       |       |       |       |       |       |       |     7 ||     7
  Eat: Chunk             |     3 |     7 |    15 |    28 |    27 |    20 |    10 |    20 |    12 ||   142
       Ration            |       |     2 |     3 |     5 |    15 |    14 |    12 |    14 |    57 ||   122
Armor: Robe              |     3 |    11 |     9 |       |       |       |       |       |       ||    23
       Leather armour    |       |       |    10 |    31 |       |       |       |       |       ||    41
       Troll leather arm |       |       |       |    36 |    57 |    43 |       |       |       ||   136
       Pearl dragon scal |       |       |       |       |       |   405 |   601 |   862 |  1843 ||  3711
Dodge: Dodged            |    22 |    64 |    97 |   173 |   177 |   536 |   390 |   714 |  1419 ||  3592
Block: Other             |       |       |     3 |    18 |       |       |       |       |       ||    21
       Buckler           |       |       |       |     3 |    39 |       |       |       |       ||    42
       Reflection        |       |       |       |       |     2 |    31 |    44 |    78 |   130 ||   285
       Shield            |       |       |       |       |   173 |   999 |   839 |  1589 |       ||  3600
       Large shield      |       |       |       |       |       |       |       |    32 |  5677 ||  5709
